 Dungeon Crawl Stone Soup version 0.30-a0-920-g7493c07aab (webtiles) character file.

Game seed: 7234034186731514701

1066 cforsyth the Shield-Bearer (level 8, -1/63 HPs)
             Began as a Human Fighter on Mar 21, 2023.
             Was an Initiate of Okawaru.
             Splashed by a jelly's acid (10 damage)
             ... on level 6 of the Dungeon.
             The game lasted 00:09:58 (6073 turns).

cforsyth the Shield-Bearer (Human Fighter)          Turns: 6073, Time: 00:09:59

Health: -1/63      AC:  0    Str: 19    XL:     8   Next: 53%
Magic:  8/8        EV:  7    Int:  8    God:    Okawaru [......]
Gold:   272        SH:  5    Dex: 13    Spells: 7/7 levels left

rFire   . . .      SeeInvis .    a - +0 flail
rCold   + . .      Faith    .    c - +0 buckler
rNeg    . . .      Spirit   .    z - +0 chain mail
rPois   .          Reflect  .    (no helmet)
rElec   .          Rampage  .    (no cloak)
rCorr   .                        D - +0 pair of gloves
Will    .....                    (no boots) Stlth
                                 r - amulet of the acrobat
HPRegen 0.30/turn                j - ring of flight
MPRegen 0.11/turn                v - ring of protection from cold

@: about to teleport, corroded, flying
A: no striking features
a: Renounce Religion


You were on level 6 of the Dungeon.
You worshipped Okawaru.
Okawaru was noncommittal.
You visited 2 branches of the dungeon, and saw 7 of its levels.

You collected 272 gold pieces.

Inventory:

Hand Weapons
 a - a +0 flail (weapon)
Missiles
 t - 2 throwing nets (quivered)
Armour
 b - a +0 scale mail
 c - a +0 buckler (worn)
 g - a +0 pair of gloves
 u - a +0 chain mail
 z - a +0 chain mail (worn)
 D - a +0 pair of gloves (worn)
Jewellery
 j - a ring of flight (left hand)
 r - an amulet of the acrobat (around neck)
 v - a ring of protection from cold (right hand)
 A - the amulet of the Air {Inacc Air Fly rElec RMsl}
   (You found it on level 3 of the Dungeon)

   [amulet of nothing]

   Inacc:     It reduces the accuracy of your attacks and spells.
   Air:       It enhances your air magic.
   rElec:     It insulates you from electricity.
   Fly:       It grants you flight.
   RMsl:      It protects you from missiles.
 E - a +6 ring of intelligence
Wands
 x - a wand of quicksilver (7)
 y - a wand of roots (5)
Scrolls
 e - 2 scrolls of noise {unknown}
 f - 5 scrolls of identify {unknown}
 l - 4 scrolls of teleportation
 m - a scroll of immolation {unknown}
 o - 2 scrolls of enchant armour {unknown}
 q - 3 scrolls of poison {unknown}
 w - a scroll of magic mapping {unknown}
 F - a scroll of fear {unknown}
 G - a scroll of amnesia {unknown}
Potions
 d - 2 potions of might
 h - a potion of invisibility {unknown}
 i - 2 potions of heal wounds {unknown}
 k - 2 potions of curing {unknown}
 n - 2 potions of brilliance {unknown}
 p - a potion of haste {unknown}
 s - 2 potions of attraction {unknown}
 B - a potion of degeneration {unknown}
 C - a potion of cancellation {unknown}
 H - a potion of lignification {unknown}


   Skills:
 + Level 5.5 Fighting
 + Level 5.0 Maces & Flails
 + Level 5.5 Armour
 + Level 5.6 Shields


You had 7 spell levels left.
You didn't know any spells.
Your spell library contained the following spells:

 Spells                   Type           Power      Damage    Failure   Level
 Magic Dart               Conj           0%         1d3       99%         1
 Necrotise                Necr           0%         1d4       99%         1
 Mephitic Cloud           Conj/Pois/Air  0%         N/A       100%        3
 Vampiric Draining        Necr           0%         2d6       100%        3
 Agony                    Necr           0%         N/A       100%        5
 Call Imp                 Summ           Unusable   N/A       N/A         2

Dungeon Overview and Level Annotations

Branches:
Dungeon (6/15)             Temple (1/1) D:6

Altars:
Cheibriados
Elyvilon
Fedhas
Gozag
Okawaru
Qazlal
Uskayaw
Vehumet
Wu Jian
Xom
Yredelemnul
Zin
The Shining One

Shops:
D:5 *

Annotations:
D:4 3 runed translucent doors, deadpool521's ghost, novice MiFi


Message History

The jelly barely misses you. The jelly hits you but does no damage.
You hit the jelly but do no damage. The acid corrodes you!
Your hands burn!
The jelly is moderately wounded.
The jelly barely misses you.
You hit the jelly but do no damage.
Your hands burn!
The jelly is lightly wounded.
The jelly barely misses you. You block the jelly's attack.
You hit the jelly but do no damage.
Your hands burn!
The jelly is lightly wounded.
The jelly hits you but does no damage. The jelly hits you.
You are splashed with acid.
You sock the jelly!
Your hands burn!
The jelly is almost dead.
The jelly hits you but does no damage. The jelly hits you.
The acid corrodes you!
You are splashed with acid!
The jelly barely misses you. The jelly closely misses you.
You are too injured to fight recklessly!
You are too injured to fight recklessly!
You are too injured to fight recklessly!
You are too injured to fight recklessly!
You are too injured to fight recklessly!
You are too injured to fight recklessly!
You are too injured to fight recklessly!
You are too injured to fight recklessly!
You completely miss the jelly.
The jelly is almost dead.
The jelly hits you.
You are splashed with acid!
The jelly closely misses you.
Unknown command.
You hit the jelly.
You kill the jelly!
Okawaru accepts your kill. The jelly hits you.
You are splashed with acid!
* * * LOW HITPOINT WARNING * * *
Unknown command.
As you read the scroll labelled KYDDAGOILY, it crumbles to dust.
You feel strangely unstable.
It was a scroll of teleportation.
The jelly hits you.
* * * LOW HITPOINT WARNING * * *
The acid corrodes you!
You are splashed with acid!
You die...

.## .# #.. ..#
..#
...######..##
#...
..........###
...
..##..........#
...
...............
..........
#.J@.....# #
........
##..#.....# #
.......# ##..##
.#... #........#
##..## # .
.........###..##
##### #..##..##
#.....# #.....#
#.###.....


You could see a jelly.

Vanquished Creatures
  2 ice beasts
  A black bear (D:5)
  An ogre (D:3)
  Blork the orc (D:6)
  2 bullfrogs (D:6)
  A scorpion (D:5)
  3 orc priests
  3 hounds
  A jelly (D:6)
  An orc wizard (D:3)
  A sleepcap (D:4)
  5 adders
  3 gnolls
  A shadow imp (D:5)
  A white imp (D:5)
  2 worms
  3 dart slugs
  14 orcs
  6 ball pythons
  2 bats
  5 endoplasms
  2 giant cockroaches (D:2)
  9 goblins
  7 hobgoblins
  2 jackals (D:1)
  8 kobolds
  A quokka (D:2)
  6 frilled lizards
  3 rats
97 creatures vanquished.

Notes
Turn   | Place    | Note
-------+----------+-------------------------------------------
     0 | D:1      | cforsyth the Human Fighter began the quest for the Orb.
     0 | D:1      | Reached XP level 1. HP: 18/18 MP: 1/1
    69 | D:1      | Reached XP level 2. HP: 24/24 MP: 2/2
   213 | D:1      | Reached XP level 3. HP: 25/29 MP: 3/3
  1402 | D:3      | Reached XP level 4. HP: 35/35 MP: 4/4
  1935 | D:3      | Reached XP level 5. HP: 42/42 MP: 5/5
  2535 | D:3      | Found a blossoming altar of Fedhas.
  2536 | D:3      | Found an opulent altar of Gozag.
  2592 | D:3      | Found the amulet of the Air {Inacc Air Fly rElec RMsl}
  2718 | D:3      | Noticed an ogre
  2725 | D:3      | Killed an ogre
  2726 | D:3      | Reached XP level 6. HP: 48/48 MP: 6/6
  3271 | D:4      | Found a runed translucent gate.
  3272 | D:4      | Found a runed translucent gate.
  3272 | D:4      | Found a runed translucent gate.
  3273 | D:4      | Noticed deadpool521's ghost (novice MiFi)
  3305 | D:4      | Noticed an ice beast
  3846 | D:3      | Reached XP level 7. HP: 35/55 MP: 7/7
  4910 | D:5      | Entered Level 5 of the Dungeon
  5397 | D:5      | Found a radiant altar of Vehumet.
  5509 | D:5      | Reached skill level 5 in Fighting
  5509 | D:5      | Reached skill level 5 in Armour
  5509 | D:5      | Reached skill level 5 in Shields
  5518 | D:5      | Reached XP level 8. HP: 47/62 MP: 8/8
  5539 | D:5      | Noticed Eustachio
  5625 | D:5      | Found Mota's Gadget Gallery.
  5634 | D:5      | Identified the +0 dagger of Courage {drain, Int+2}
  5714 | D:5      | Found a white marble altar of Elyvilon.
  5714 | D:5      | Found a glowing silver altar of Zin.
  5891 | D:6      | Found a staircase to the Ecumenical Temple.
  5904 | Temple   | Entered the Ecumenical Temple
  5959 | Temple   | Became a worshipper of Warmaster Okawaru
  6018 | D:6      | Noticed Blork the orc
  6028 | D:6      | Killed Blork the orc
  6039 | D:6      | Reached skill level 5 in Maces & Flails
  6073 | D:6      | Splashed by a jelly's acid

Illustrated notes

Levels and vault maps discovered:
D:1:      lightli_arrival_statuegarden, layout_basic,
          wad_floor_pattern_untrapped
D:2:      layout_loops_corners
D:3:      layout_basic, amethyst_overflow_temple_binary
D:4:      layout_loops_ring, gammafunk_ghost_split, nicolae_underground_beach
D:5:      layout_cave_pools, fiery_altar_vehumet,
          gammafunk_temple_overflow_elements, nicolae_shop_gadgets,
          uniq_eustachio
D:6:      lemuel_ratsnest, layout_layer_cave, temple_statues, uniq_blork_the_orc
Temple:   minmay_crystal_spiral_temple

Skill      XL: |  1  2  3  4  5  6  7  8 |
---------------+-------------------------+-----
Maces & Flails | 3 4 5 |  5.0
Fighting       | 4 5 |  5.5
Armour         | 4 5 |  5.5
Shields        | 4 5 |  5.6

Action                     |  1- 3 |  4- 6 |  7- 9 || total
---------------------------+-------+-------+-------++-------
  Melee: Flail             |    95 |   167 |   136 ||   398
  Evoke: Wand              |       |     2 |       ||     2
    Use: Scroll            |       |       |     1 ||     1
 Armour: Scale mail        |    50 |       |       ||    50
         Chain mail        |       |   130 |    66 ||   196
  Dodge: Dodged            |    50 |    70 |    74 ||   194
  Block: Buckler           |    26 |    48 |    37 ||   111

Table legend: (Time is in decaauts)
 A = Elapsed time spent in this place.
 B = Non-inter-level travel time spent in this place.
 C = Inter-level travel time spent in this place.
 D = Time resting spent in this place.
 E = Time spent auto-exploring this place.
 F = Levels seen in this place.
 G = Mean time per level.
                   A        B        C        D        E       F      G
               +--------+--------+--------+--------+--------+-----+--------+
         Total |   6183 |   5955 |    228 |    727 |   3948 |   7 |  883.3 |
       Dungeon |   6091 |   5900 |    191 |    727 |   3902 |   6 | 1015.2 |
        Temple |     92 |     55 |     37 |      0 |     46 |   1 |   92.0 |
               +--------+--------+--------+--------+--------+-----+--------+

Top non-repeatable levels by time:
     D:4: 2019 daAuts
     D:3: 1330 daAuts
     D:2: 1264 daAuts
     D:5: 764 daAuts
     D:1: 597 daAuts
     D:6: 115 daAuts
  Temple: 92 daAuts
